 Dungeon Crawl Stone Soup version 0.24-a0-235-g3f03afcf10 (webtiles) character file.

Game seed: 18228040186064189942

36428 Redear the Blocker (level 13, -8/89 HPs)
             Began as an Octopode Fighter on Apr 5, 2019.
             Was a High Priest of Cheibriados.
             Killed from afar by an ice statue (25 damage)
             ... with a freezing blast
             ... in an ice cave.
             The game lasted 01:21:58 (16581 turns).

Redear the Blocker (Octopode Fighter)              Turns: 16581, Time: 01:21:58

Health: -8/89      AC:  4    Str: 28    XL:     13   Next: 90%
Magic:  12/20      EV: 22    Int: 29    God:    Cheibriados [*****.]
Gold:   986        SH: 15    Dex: 28    Spells: 20/21 levels left

rFire    + . .     SeeInvis +   H - +7 dagger of the Asp {freeze, *Contam rElec Dex+2}
rCold    . . .     Gourm    .   b - +0 shield
rNeg     . . .     Faith    .   (helmet restricted)
rPois    +         Spirit   .   i - amulet of magic regeneration
rElec    +         Reflect  .   f - ring of protection from fire {rF+}
rCorr    +         Harm     .   o - ring of poison resistance {rPois}
MR       .....                  B - +2 ring of intelligence
Stlth    +++++.....             s - ring of see invisible {SInv}
HPRegen  0.24/turn              g - ring of resist corrosion
MPRegen  0.42/turn              y - +1 ring of slaying
                                (no ring)
                                (no ring)

@: very slow
A: almost no armour, stealthy swim, amphibious, 8 rings, constrict 8, molten
scales 2, camouflage 1, screaming 1, gelatinous body 1
a: Bend Time, Temporal Distortion, Slouch, Step From Time, Renounce Religion


You were in an ice cave.
You worshipped Cheibriados.
Cheibriados was extremely pleased with you.
You were not hungry.

You visited 3 branches of the dungeon, and saw 18 of its levels.
You also visited: Ice Cave.

You collected 1262 gold pieces.
You spent 276 gold pieces at shops.

Inventory:

Hand Weapons
 a - the +5 hand crossbow of the Eternal Void {velocity, Dex+2}
   (You bought it in a shop on level 6 of the Dungeon)

   Any bolt fired from it inflicts extra damage.
   It affects your dexterity (+2).
 H - the +7 dagger of the Asp (weapon) {freeze, *Contam rElec Dex+2}
   (You found it on level 7 of the Dungeon)

   It has been specially enchanted to freeze those struck by it, causing extra
   injury to most foes and up to half again as much damage against particularly
   susceptible opponents.
   It can also slow down cold-blooded creatures.
   It affects your dexterity (+2).
   It insulates you from electricity.
   It causes magical contamination when unequipped.
 U - a +3 dagger of venom
Missiles
 e - 174 sling bullets
 l - 59 bolts
 G - 281 stones (quivered)
 Z - 2 throwing nets {+f}
Armour
 b - a +0 shield (worn)
Jewellery
 c - an uncursed amulet of guardian spirit {unknown}
 f - a ring of protection from fire (left tentacle) {rF+}
 g - a ring of resist corrosion (on tentacle)
 i - an amulet of magic regeneration (around mantle)
 o - a ring of poison resistance (right tentacle) {rPois}
 s - a ring of see invisible (on tentacle) {SInv}
 y - a +1 ring of slaying (on tentacle)
 B - a +2 ring of intelligence (on tentacle)
 K - an uncursed ring of protection from fire {rF+}
Wands
 D - a wand of digging (6)
 E - a wand of enslavement (19)
 F - a wand of disintegration (13)
 I - a wand of iceblast (10)
 O - a wand of clouds (12)
 P - a wand of paralysis (11)
 S - a wand of scattershot (3)
 V - a wand of flame (19)
Scrolls
 h - 3 scrolls of enchant weapon {unknown}
 j - a scroll of holy word {unknown}
 m - 2 scrolls of fear
 p - a scroll of summoning {unknown}
 r - 4 scrolls of immolation {unknown}
 u - 2 scrolls of enchant armour {unknown}
 w - 9 scrolls of amnesia
 C - 4 scrolls of random uselessness
 J - 10 scrolls of teleportation {unknown}
 L - 3 scrolls of fog {unknown}
 M - 4 scrolls of magic mapping
 N - 7 scrolls of remove curse {@r2}
 R - a scroll of vulnerability {unknown}
 T - a scroll of brand weapon {unknown}
 W - a scroll of noise {unknown}
Potions
 d - a potion of cancellation
 k - a potion of flight {unknown}
 n - 4 potions of brilliance {Archmagi Int+5 Wiz++}
 q - 2 potions of lignification
 t - 2 potions of invisibility {unknown}
 v - a potion of magic {unknown}
 A - 3 potions of haste {@q5}
 Q - 6 potions of curing {@q2}
 X - a potion of mutation {!q}
Comestibles
 z - 37 rations
 Y - 8 chunks of flesh


   Skills:
 - Level 8.7 Fighting
   Level 8.4 Long Blades
 - Level 10.0 Crossbows
 - Level 8.6 Dodging
 - Level 6.1 Stealth
 + Level 12.7 Shields
 - Level 4.9 Spellcasting
 - Level 3.0 Transmutations
 - Level 7.6 Invocations


You had 20 spell levels left.
You knew the following spells:

 Your Spells              Type           Power        Failure   Level  Hunger
a - Beastly Appendage     Tmut           ###...       2%          1    None

Your spell library contained the following spells:

 Spells                   Type           Power        Failure   Level  Hunger
 Sticks to Snakes         Tmut           ###.....     3%          2    None
 Spider Form              Tmut/Pois      ###.......   13%         3    #......
 Ice Form                 Ice/Tmut       ###.....     41%         4    ###....
 Blade Hands              Tmut           ###.......   54%         5    #####..
 Cause Fear               Hex            #.........   63%         4    ###....
 Yara's Violent Unravell  Hex/Tmut       ###.......   77%         5    #####..
 Bolt of Magma            Conj/Fire/Erth #.........   93%         5    #####..
 Iskenderun's Battlesphe  Conj/Chrm      #.......     93%         5    #####..
 Silence                  Hex/Air        #.........   93%         5    #####..
 Venom Bolt               Conj/Pois      #.........   93%         5    #####..
 Deflect Missiles         Chrm/Air       #.........   100%        6    ######.
 Iron Shot                Conj/Erth      #.........   100%        6    ######.
 Orb of Destruction       Conj           #.........   100%        7    #######
 Spellforged Servitor     Conj/Summ      #.........   100%        7    #######
 Discord                  Hex            #.........   100%        8    #######


Dungeon Overview and Level Annotations

Branches:
Dungeon (11/15)            Temple (1/1) D:4            Lair (6/6) D:8
 Shoals (0/4) Lair:2       Spider (0/4) Lair:3        Slime (0/5) Lair:6
    Orc (0/2) D:9

Altars:
Ashenzari
Cheibriados
Dithmenos
Elyvilon
Fedhas
Gozag
Hepliaklqana
Kikubaaqudgha
Makhleb
Nemelex Xobeh
Okawaru
Qazlal
Ru
Sif Muna
Trog
Uskayaw
Vehumet
Wu Jian
Xom
Yredelemnul
Zin

Shops:
D:4 (   D:6 %((}*   D:8 *

Annotations:
Lair:3 3 runed translucent doors, Miwiyf's ghost, journeyman DDFi IceCv exclusion: ice statue


Innate Abilities, Weirdness & Mutations

You cannot wear most types of armour.
You are very stealthy in the water. (Stealth+)
You are amphibious.
You can wear up to eight rings at the same time.
You can use your tentacles to constrict eight enemies at once.
Your skin changes colour to match your surroundings (Stealth+).
Your rubbery body absorbs attacks. (AC +1, EV +1)
You are mostly covered in molten scales. (AC +3)
You occasionally shout uncontrollably at your foes.


Message History

Here: an ice beast (summoned)
The floor.
You can feel time thicken for a moment.
You feel somewhat more hungry.
Cheibriados lowers the support of your attributes as your movement quickens.
The ice statue gestures at you. You block the shard of ice.
You block the ice beast's attack. The ice beast closely misses you.
You now have 15/20 mp.
You can feel time thicken for a moment.
You kill the ice beast! x3
You feel somewhat more hungry.
Cheibriados lowers the support of your attributes as your movement quickens.
The ice statue gestures.
You now have 11/20 mp.
Unknown command.
The ice statue gestures.
The ice statue glitters chillingly in the dim dungeon light.
The ice statue gestures at you. The freezing blast engulfs you!!
You die...

####### ###...#.##
##..#.....####
#..####.[##∩..##
#Y@###..####..∩#
#...##..# #....#
#Y8.##...####...#
#...####...####..##
###.# ###...##...#
.#: ##...##..# . #
##...÷.†# ##
###...## #####


You could see an ice statue and 2 ice beasts.

Vanquished Creatures
  Harold (Lair:1)
  A hydra (Lair:2)
  A shock serpent (shapeshifter) (D:11)
  A fire crab (Lair:5)
  Pikel (D:8)
  2 oklob plants (Lair:3)
  A deep elf mage (D:11)
  8 elephants
  2 black mambas
  5 komodo dragons
  10 spiny frogs
  5 rime drakes
  A jumping spider (Lair:3)
  3 trolls
  2 polar bears (IceCv)
  A wind drake (Lair:6)
  A hornet (D:9)
  8 blink frogs
  4 hippogriffs
  3 redbacks (Lair:3)
  A shadow (D:11)
  A spriggan (D:7)
  A wyvern (Lair:3)
  A wraith (D:11)
  48 yaks
  12 water moccasins
  2 porcupines
  A swamp drake (D:9)
  4 orc warriors
  An ice beast (D:11)
  2 phantoms
  3 slaves (D:8)
  2 black bears
  A hornet zombie (D:7)
  An eye of draining (D:11)
  3 ogres
  36 wolves
  25 crocodiles
  2 centaurs
  3 big kobolds
  13 bullfrogs
  4 scorpions
  8 killer bees
  5 wights (D:8)
  4 howler monkeys
  An electric eel (Lair:1)
  4 crimson imps
  A bullfrog zombie (D:11)
  2 jellies
  2 quasits
  11 orc priests
  4 hounds
  16 orc wizards
  A bullfrog skeleton (D:8)
  A centaur skeleton (D:10)
  Ijyb (D:5)
  7 iguanas
  8 worker ants
  A hound zombie (D:2)
  3 worker ant zombies
  6 gnolls
  14 adders
  A shadow imp (D:6)
  An ooze (D:1)
  4 adder skeletons
  3 worms
  4 dart slugs
  15 leopard geckos
  43 orcs
  A ball python (D:3)
  12 bats
  2 giant cockroaches
  7 goblins
  9 hobgoblins
  17 jackals
  11 kobolds
  8 quokkas
  10 frilled lizards
  2 quokka skeletons (D:8)
  2 quokka zombies (D:6)
  13 rats
  A plant (Lair:3)
494 creatures vanquished.

Vanquished Creatures (others)
  An orc wizard (D:7)
  21 fungi
  31 plants
53 creatures vanquished.

Grand Total: 547 creatures vanquished

Notes
Turn   | Place    | Note
-------+----------+-------------------------------------------
     0 | D:1      | Redear the Octopode Fighter began the quest for the Orb.
     0 | D:1      | Reached XP level 1. HP: 16/16 MP: 1/1
   130 | D:1      | Reached XP level 2. HP: 8/21 MP: 2/2
   568 | D:1      | Reached XP level 3. HP: 26/26 MP: 3/3
  1072 | D:2      | Reached XP level 4. HP: 23/31 MP: 4/4
  1350 | D:2      | Reached skill level 3 in Long Blades
  1405 | D:2      | Reached XP level 5. HP: 6/37 MP: 5/5
  1600 | D:2      | HP: 2/37 [hound zombie (2)]
  2230 | D:3      | Reached skill level 4 in Fighting
  2230 | D:3      | Reached skill level 4 in Shields
  2367 | D:3      | Reached skill level 4 in Dodging
  2373 | D:3      | Reached XP level 6. HP: 14/43 MP: 6/6
  2851 | D:3      | Found a glowing silver altar of Zin.
  2916 | D:3      | Found a white marble altar of Elyvilon.
  2968 | D:3      | Found a basalt altar of Yredelemnul.
  3332 | D:3      | Found a radiant altar of Vehumet.
  3332 | D:3      | Found a burning altar of Makhleb.
  3375 | D:4      | Found Joqiob's Antique Weapon Shop.
  3534 | D:4      | Found an ornate altar of the Wu Jian Council.
  3600 | D:4      | Found an ancient bone altar of Kikubaaqudgha.
  3659 | D:4      | Reached skill level 4 in Long Blades
  3659 | D:4      | Reached XP level 7. HP: 36/49 MP: 7/7
  3739 | D:4      | Found a stormy altar of Qazlal.
  3817 | D:4      | Found a staircase to the Ecumenical Temple.
  3834 | Temple   | Entered the Ecumenical Temple
  3849 | Temple   | Became a worshipper of Cheibriados the Contemplative
  3994 | D:5      | Entered Level 5 of the Dungeon
  4110 | D:5      | Reached skill level 5 in Fighting
  4110 | D:5      | Reached skill level 5 in Shields
  4112 | D:5      | Reached skill level 5 in Dodging
  4399 | D:5      | Found an opulent altar of Gozag.
  4501 | D:5      | Noticed Ijyb
  4512 | D:5      | Killed Ijyb
  4527 | D:5      | Found a blossoming altar of Fedhas.
  4696 | D:6      | Reached XP level 8. HP: 50/55 MP: 8/8
  4714 | D:6      | Reached * piety under Cheibriados
  4715 | D:6      | Found Bopser's Gadget Boutique.
  4732 | D:6      | Found Nougiub's Antique Weapon Shop.
  4738 | D:6      | Found Rotuenlu's Weapon Shop.
  4740 | D:6      | Bought a bloodstained hand crossbow for 221 gold pieces
  4740 | D:6      | Identified the +5 hand crossbow of the Eternal Void
                  | {velocity, Dex+2} (You bought it in a shop on level 6 of
                  | the Dungeon)
  4759 | D:6      | Found Niholywn's Food Shoppe.
  4800 | D:6      | Reached skill level 1 in Stealth
  4831 | D:6      | Found Nyfium's Assorted Antiques.
  4842 | D:6      | Bought a scroll labeled KIDAIBR QIFUYR for 22 gold pieces
  4877 | D:6      | Found a shimmering altar of Xom.
  4878 | D:6      | Found a shimmering altar of Xom.
  4879 | D:6      | Found a shimmering altar of Xom.
  4879 | D:6      | Found a shimmering altar of Xom.
  4892 | D:6      | Found a shimmering altar of Xom.
  5230 | D:6      | Reached ** piety under Cheibriados
  5230 | D:6      | Reached skill level 5 in Long Blades
  5230 | D:6      | Reached skill level 2 in Stealth
  5525 | D:6      | Reached skill level 3 in Stealth
  5622 | D:7      | Noticed a spriggan baker
  5628 | D:7      | Killed a spriggan baker
  5629 | D:7      | Reached skill level 6 in Fighting
  5629 | D:7      | Reached skill level 6 in Shields
  5630 | D:7      | Reached skill level 6 in Dodging
  5630 | D:7      | Reached skill level 4 in Stealth
  5824 | D:7      | Reached XP level 9. HP: 62/62 MP: 9/9
  5961 | D:7      | Found a bloodstained altar of Trog.
  5976 | D:7      | Got a brightly glowing dagger
  5978 | D:7      | Identified the +7 dagger of the Asp {freeze, *Contam rElec
                  | Dex+2} (You found it on level 7 of the Dungeon)
  6740 | D:8      | Reached *** piety under Cheibriados
  6744 | D:8      | Reached skill level 6 in Long Blades
  6747 | D:8      | Reached skill level 5 in Stealth
  6774 | D:8      | Found a staircase to the Lair.
  6775 | D:8      | Noticed a komodo dragon
  6852 | D:8      | Found Iliuphev's Assorted Antiques.
  6855 | D:8      | Bought a scroll labeled FOIBRY JEXEEV for 33 gold pieces
  7064 | D:8      | Noticed Pikel
  7141 | D:8      | Killed Pikel
  7141 | D:8      | Reached skill level 6 in Stealth
  7341 | D:9      | Found a deep blue altar of Sif Muna.
  7390 | D:9      | Noticed a hornet
  7400 | D:9      | Killed a hornet
  7400 | D:9      | Reached skill level 7 in Fighting
  7400 | D:9      | Reached skill level 7 in Dodging
  7400 | D:9      | Reached skill level 7 in Shields
  7453 | D:9      | Reached XP level 10. HP: 41/71 MP: 10/10
  7639 | D:9      | Found a hide-covered altar of Uskayaw.
  7647 | D:9      | Found a hazy altar of Hepliaklqana.
  7652 | D:9      | Reached skill level 7 in Long Blades
  7686 | D:9      | Reached **** piety under Cheibriados
  7898 | D:9      | Learned a level 1 spell: Beastly Appendage
  7949 | D:9      | Found a staircase to the Orcish Mines.
  7974 | D:9      | Reached skill level 1 in Transmutations
  7974 | D:9      | Reached skill level 1 in Invocations
  7978 | D:9      | Gained mutation: You are occasionally teleported next to
                  | monsters. [potion of mutation]
  7978 | D:9      | Gained mutation: You are somewhat resistant to further
                  | mutation. [potion of mutation]
  7986 | D:9      | Reached skill level 1 in Spellcasting
  8114 | D:10     | Entered Level 10 of the Dungeon
  8155 | D:10     | Reached skill level 2 in Invocations
  8377 | D:10     | Reached skill level 2 in Spellcasting
  8377 | D:10     | Reached skill level 2 in Transmutations
  8427 | D:10     | Lost mutation: You are somewhat resistant to further
                  | mutation. [potion of mutation]
  8427 | D:10     | Gained mutation: You are dopey. (Int -2) [potion of
                  | mutation]
  8427 | D:10     | Gained mutation: You occasionally shout uncontrollably at
                  | your foes. [potion of mutation]
  8427 | D:10     | Gained mutation: You passively map a small area around you.
                  | [potion of mutation]
  8428 | D:10     | Lost mutation: You are dopey. (Int -2) [potion of mutation]
  8428 | D:10     | Lost mutation: You passively map a small area around you.
                  | [potion of mutation]
  8428 | D:10     | Lost mutation: You occasionally shout uncontrollably at
                  | your foes. [potion of mutation]
  8428 | D:10     | Lost mutation: You are occasionally teleported next to
                  | monsters. [potion of mutation]
  8428 | D:10     | Gained mutation: Scrolls take you a little longer to read.
                  | [potion of mutation]
  8428 | D:10     | Gained mutation: You occasionally shout uncontrollably at
                  | your foes. [potion of mutation]
  8428 | D:10     | Gained mutation: You are partially covered in molten
                  | scales. (AC +2) [potion of mutation]
  8477 | D:10     | Reached skill level 3 in Invocations
  8480 | D:10     | Reached skill level 3 in Transmutations
  8694 | D:10     | Reached ***** piety under Cheibriados
  8699 | D:10     | Reached skill level 3 in Spellcasting
  8732 | D:10     | Reached skill level 4 in Invocations
  8746 | D:10     | Reached skill level 4 in Spellcasting
  8751 | D:10     | Reached skill level 5 in Invocations
  8784 | D:10     | Reached XP level 11. HP: 49/75 MP: 17/17
  8813 | D:10     | Found a burning altar of Makhleb.
  8991 | D:10     | Reached skill level 6 in Invocations
  9188 | D:11     | Noticed a two-headed ogre
  9390 | D:11     | Noticed a deep elf mage
  9401 | D:11     | Killed a deep elf mage
  9401 | D:11     | Reached skill level 7 in Invocations
  9703 | D:11     | Lost mutation: Scrolls take you a little longer to read.
                  | [potion of mutation]
  9703 | D:11     | Lost mutation: You are partially covered in molten scales.
                  | (AC +2) [potion of mutation]
  9703 | D:11     | Gained mutation: You are partially covered in molten
                  | scales. (AC +2) [potion of mutation]
  9703 | D:11     | Gained mutation: You are mostly covered in molten scales.
                  | (AC +3) [potion of mutation]
  9802 | D:11     | Noticed a manticore
  9826 | D:11     | Noticed a shock serpent
  9836 | D:11     | Killed a shock serpent
  9839 | D:11     | HP: 7/76 [big kobold (2)]
  9840 | D:11     | HP: 3/76 [big kobold (5)]
  9912 | D:11     | Noticed a five-headed hydra
  9962 | D:11     | Noticed a centaur warrior
 10153 | Lair:1   | Entered Level 1 of the Lair of Beasts
 10339 | Lair:1   | Noticed Harold
 10355 | Lair:1   | Killed Harold
 10355 | Lair:1   | Reached skill level 8 in Fighting
 10355 | Lair:1   | Reached skill level 8 in Dodging
 10355 | Lair:1   | Reached skill level 8 in Shields
 10887 | Lair:1   | Reached ****** piety under Cheibriados
 10929 | Lair:1   | Reached skill level 8 in Long Blades
 11306 | Lair:1   | Reached XP level 12. HP: 64/84 MP: 13/19
 11524 | Lair:2   | Reached skill level 1 in Crossbows
 11526 | Lair:2   | Reached skill level 2 in Crossbows
 11532 | Lair:2   | Reached skill level 3 in Crossbows
 11570 | Lair:2   | Found a staircase to the Shoals.
 11579 | Lair:2   | Reached skill level 4 in Crossbows
 12131 | Lair:2   | Noticed a four-headed hydra
 12137 | Lair:2   | Killed a four-headed hydra
 12137 | Lair:2   | Reached skill level 5 in Crossbows
 12316 | Lair:3   | Reached skill level 6 in Crossbows
 12585 | Lair:3   | Reached skill level 7 in Crossbows
 12686 | Lair:3   | Reached skill level 8 in Crossbows
 13043 | Lair:3   | Reached skill level 9 in Crossbows
 13057 | Lair:3   | Found a hole to the Spider Nest.
 13293 | Lair:3   | Noticed Miwiyf's ghost (journeyman DDFi)
 13302 | Lair:3   | Found a runed translucent gate.
 13302 | Lair:3   | Found a runed translucent gate.
 13306 | Lair:3   | Noticed a four-headed hydra
 13379 | Lair:3   | Found a runed translucent gate.
 13401 | Lair:3   | Reached XP level 13. HP: 89/89 MP: 20/20
 13827 | Lair:3   | Reached skill level 10 in Crossbows
 14059 | Lair:4   | Reached skill level 9 in Shields
 14208 | Lair:4   | Reached skill level 10 in Shields
 14925 | Lair:4   | Reached skill level 11 in Shields
 15618 | Lair:5   | Reached skill level 12 in Shields
 16159 | Lair:6   | Entered Level 6 of the Lair of Beasts
 16434 | Lair:6   | Found a frozen archway.
 16443 | IceCv    | Entered an ice cave
 16581 | IceCv    | Killed from afar by an ice statue

Levels and vault maps discovered:
D:1:      psy_arrival_basics, layout_basic, chequers_serial_rivers_micro_a,
          minmay_heptomino_w4
D:2:      layout_basic
D:3:      layout_basic, grunt_temple_overflow_lords_of_destruction,
          kennysheep_ying_yang, zin_academy, corexii_item_surrounded_by_moat,
          kennysheep_minor_cross
D:4:      layout_basic, grunt_qazlal_clouds, nicolae_overflow_crystal_walls,
          old_standard_altar, temple_fountains, first_ration, serial_shops,
          shop, lexackson_kobold_supper
D:5:      layout_cave_pools, marbit_many_paths,
          nicolae_gozag_cash_rules_everything_around_me, uniq_ijyb
D:6:      layout_basic, serial_shops, nicolae_shop_competitors_out_of_business,
          shop, nicolae_shop_trees, shop, nicolae_shop_waterfront, minivault_14,
          xom_redecorated
D:7:      layout_rooms, bloody_trog, the_bakery
D:8:      layout_basic, david_lair_shrubbed, serial_shops, kennysheep_mini,
          uniq_pikel
D:9:      layout_rooms, grunt_temple_overflow_open, erik_orc_1,
          hangedman_decor_slide_cut
D:10:     layout_rooms, dk_noncrumbling_3, lemuel_hellish_altar
D:11:     minmay_the_grid_square_5x5_5x5_mashed
          [minmay_the_grid_square_5x5_shrine2, minmay_the_grid_square_5x5_z,
          minmay_the_grid_square_5x5_corner,
          minmay_the_grid_square_5x5_misaligned,
          minmay_the_grid_square_5x5_two_small, minmay_the_grid_square_5x5_c,
          minmay_the_grid_square_5x5_prize_open,
          minmay_the_grid_square_5x5_longway,
          minmay_the_grid_square_5x5_prize_junk,
          minmay_the_grid_square_5x5_fat_x,
          minmay_the_grid_square_5x5_doubleslash,
          minmay_the_grid_square_5x5_intrusive_squares,
          minmay_the_grid_square_5x5_prize_pseudospiral,
          minmay_the_grid_square_5x5_bracketed, minmay_the_grid_square_5x5_meh,
          minmay_the_grid_square_5x5_seven,
          minmay_the_grid_square_5x5_prize_itemx,
          minmay_the_grid_square_5x5_dogpile,
          minmay_the_grid_square_5x5_prize_waves,
          minmay_the_grid_square_5x5_minivault,
          minmay_the_grid_square_5x5_half_checkered,
          minmay_the_grid_square_5x5_two, minmay_the_grid_square_5x5_tie,
          minmay_the_grid_square_5x5_three,
          minmay_the_grid_square_5x5_gyroscope], layout_basic,
          minmay_misc_feat_cross, minmay_shattered_shrine
Temple:   jpeg_temple_island
Lair:1:   lemuel_reptile_caves, layout_misc_corridors, uniq_harold
Lair:2:   layout_concentric_octagons, elwin_shoals_entry_rocks
Lair:3:   layout_chaotic_city, spider_nest_entry_a, gammafunk_ghost_split,
          grunt_forest_large_clearings, grunt_megastairs_2,
          minmay_lair_oklob_chamber, serial_bayou_shore_b
Lair:4:   layout_gridlike
Lair:5:   layout_loops_ring, serial_bayou_shore_b
Lair:6:   gammafunk_lair_ancient_temple, layout_regular_city, slime_altar_1,
          portal_ice_cave_rime, disabler_island, infiniplex_staircase_pool,
          lemuel_fruit_tree
IceCv:    ice_cave_caverns_03

Skill      XL: |  1  2  3  4  5  6  7  8  9 10 11 12 13 |
---------------+----------------------------------------+-----
Long Blades    | 3 4 5 6 7 8 |  8.4
Fighting       | 4 5 6 7 8 |  8.7
Shields        | 4 5 6 7 8 12 | 12.7
Dodging        | 4 5 6 7 8 |  8.6
Stealth        | 4 6 |  6.1
Transmutations | 3 |  3.0
Invocations    | 5 7 |  7.6
Spellcasting   | 4 |  4.9
Crossbows      | 9 10 | 10.0

Action                   |  1- 3 |  4- 6 |  7- 9 | 10-12 | 13-15 || total
-------------------------+-------+-------+-------+-------+-------++-------
Melee: Long sword        |    62 |   107 |   135 |       |       ||   304
       Constrict         |    20 |    43 |    67 |    89 |    13 ||   232
       Tentacles         |     9 |    31 |    78 |   203 |    98 ||   419
       Dagger            |       |       |    86 |   479 |   212 ||   777
       Kick              |       |       |       |   158 |   144 ||   302
 Fire: Hand crossbow     |       |       |       |       |    47 ||    47
Throw: Throwing net      |       |       |     1 |     1 |       ||     2
       Stone             |       |       |     1 |    22 |     3 ||    26
 Cast: Beastly Appendage |       |       |       |    24 |    15 ||    39
Invok: Slouch            |       |       |       |     6 |     6 ||    12
Evoke: Wand              |       |       |     5 |     9 |     1 ||    15
  Use: Scroll            |       |     4 |     2 |     3 |     2 ||    11
       Potion            |       |     1 |     4 |     9 |     4 ||    18
 Stab: Sleeping          |     4 |     5 |    11 |    17 |     6 ||    43
       Paralysed         |       |       |     1 |     3 |       ||     4
  Eat: Chunk             |       |     5 |     8 |    12 |     5 ||    30
       Ration            |       |     1 |       |       |     1 ||     2
Armor: Skin              |     5 |     4 |    14 |    18 |     9 ||    50
Dodge: Dodged            |    54 |    76 |   226 |   350 |   106 ||   812
Block: Shield            |       |       |       |    61 |   132 ||   193
       Rpst.: Long sword |    13 |    21 |    43 |       |       ||    77

Table legend:
 A = Non-vault XP
 B = Vault XP
 C = Vault XP percentage of total XP
 D = Non-vault monster count
 E = Vault monster count
 F = Vault count percentage of total count
                 A         B        C        D         E       F
            +---------+---------+-------+---------+---------+-------
      Total |   36627 |   15414 |  29.6 |     367 |     123 |  25.1
            +---------+---------+-------+---------+---------+-------
        D:1 |      58 |      15 |  20.5 |      30 |       6 |  16.7
        D:2 |     145 |       0 |   0.0 |      21 |       0 |   0.0
        D:3 |     132 |      48 |  26.7 |      23 |       1 |   4.2
        D:4 |     315 |     107 |  25.4 |      14 |       5 |  26.3
        D:5 |     309 |      36 |  10.4 |      17 |       1 |   5.6
        D:6 |     613 |       0 |   0.0 |      31 |       0 |   0.0
        D:7 |     526 |     215 |  29.0 |      13 |       1 |   7.1
        D:8 |    1004 |     995 |  49.8 |      25 |       2 |   7.4
        D:9 |    1427 |     593 |  29.4 |      23 |      17 |  42.5
       D:10 |    4177 |       0 |   0.0 |      36 |       0 |   0.0
       D:11 |    1422 |    2056 |  59.1 |      23 |       9 |  28.1
     Lair:1 |    2489 |    3017 |  54.8 |      15 |      36 |  70.6
     Lair:2 |    3980 |       0 |   0.0 |      13 |       0 |   0.0
     Lair:3 |    3190 |    6299 |  66.4 |      17 |      37 |  68.5
     Lair:4 |    9532 |       0 |   0.0 |      41 |       0 |   0.0
     Lair:5 |    6204 |       0 |   0.0 |      21 |       0 |   0.0
     Lair:6 |    1104 |    1012 |  47.8 |       4 |       3 |  42.9
      IceCv |       0 |    1021 | 100.0 |       0 |       5 | 100.0
            +---------+---------+-------+---------+---------+-------
